[Event "Titled Tuesday Blitz August 15 Early 2023"]
[White "Mogirzan, Matei-Valeriu"]
[Black "Jakubowska, Anna"]
[WhiteFideId "1257455"]
[BlackFideId "1121952"]
[WhiteElo "2524"]
[BlackElo "2375"]
[Result "1-0"]
[Round "8"]
[TimeControl "180+1"]
[Date "2023.08.15"]
[WhiteClock "0:00:02"]
[BlackClock "0:00:00"]
[Board "111"]

1. e4 c6 2. d4 d5 3. Nc3 dxe4 4. Nxe4 Nf6 5. Nxf6+ exf6 6. Bd3 Bd6 7. Qh5 g6 8. Qh6 Be6 9. Ne2 Nd7 10. Bf4 Qc7 11. Bxd6 Qxd6 12. Qf4 Qb4+ 13. c3 Qa5 14. h4 O-O-O 15. b4 Qd5 16. c4 Qxg2 17. Ng3 Ne5 18. Bf1 Qf3 19. Qe3 Qxe3+ 20. fxe3 Nxc4 21. Kf2 f5 22. a4 Nb6 23. b5 cxb5 24. axb5 Kb8 25. h5 Rc8 26. Be2 Nd5 27. e4 f4 28. Nf1 Nc3 29. Bd3 Bc4 30. Bc2 Nxb5 31. Bb1 Nxd4 32. Ba2 Bxa2 33. Rxa2 Rc2+ 34. Rxc2 Nxc2 35. Kf3 a5 36. Kxf4 a4 37. Nd2 b5 38. Rb1 Na3 39. Rb4 Ka7 40. h6 Ka6 41. e5 Ka5 42. Rb2 Rd8 43. Ne4 Nc4 44. Rb1 a3 45. Kg5 b4 46. Nc5 1-0


[Site "https://www.chess.com"]

[Event "Titled Tuesday Blitz August 15 Early 2023"]
[White "Arutla, Aditya"]
[Black "Nosacheva, Mariya"]
[WhiteFideId "30961998"]
[BlackFideId "34111422"]
[WhiteElo "2510"]
[BlackElo "2373"]
[Result "0-1"]
[Round "8"]
[TimeControl "180+1"]
[Date "2023.08.15"]
[WhiteClock "0:00:00"]
[BlackClock "0:00:14"]
[Board "112"]

1. d4 Nf6 2. Bf4 g6 3. Nf3 Bg7 4. e3 O-O 5. Be2 d6 6. h3 c5 7. c3 Nc6 8. O-O Be6 9. Nbd2 Qb6 10. Ng5 Bf5 11. Nc4 Qd8 12. d5 h6 13. dxc6 hxg5 14. cxb7 Rb8 15. Bxg5 Rxb7 16. Bd3 Bxd3 17. Qxd3 d5 18. Nd2 Rxb2 19. Rfb1 Qb6 20. Bxf6 Bxf6 21. Qxd5 Bxc3 22. Nb3 Rd8 23. Qc4 Qf6 24. Rxb2 Bxb2 25. Rb1 Be5 26. Qxc5 a6 27. Qc2 Qd6 28. Qe2 Kg7 29. Na5 Rc8 30. Nc4 Bh2+ 31. Kh1 Qc7 32. Qb2+ Kg8 33. Nd2 Be5 34. Qb7 Qc1+ 35. Nf1 Qc2 36. Qb3 Qxf2 37. Qb7 Rb8 38. Qe4 Rxb1 39. Qxb1 Bd6 40. Qb7 Qxa2 0-1


[Site "https://www.chess.com"]

[Event "Titled Tuesday Blitz August 15 Early 2023"]
[White "Camilla_Lee"]
[Black "FlemingA"]
[WhiteElo "2509"]
[BlackElo "2371"]
[Result "1-0"]
[Round "8"]
[TimeControl "180+1"]
[Date "2023.08.15"]
[WhiteClock "0:00:03"]
[BlackClock "0:00:03"]
[Board "113"]

1. e4 e6 2. d4 d5 3. e5 c5 4. c3 Nc6 5. Nf3 Bd7 6. a3 c4 7. Nbd2 Nh6 8. g3 Nf5 9. h4 Be7 10. Bh3 g6 11. Nf1 Qc7 12. N1h2 O-O-O 13. Qe2 Rhf8 14. h5 f6 15. exf6 Rxf6 16. Ng4 Rff8 17. Bf4 Bd6 18. Bxd6 Qxd6 19. Nge5 gxh5 20. O-O-O Be8 21. Rde1 Na5 22. Nd2 b5 23. Bg2 Qa6 24. Nef3 Bd7 25. Rxh5 Rf7 26. Ne5 Re7 27. Reh1 h6 28. g4 Nd6 29. Rxh6 b4 30. cxb4 Nc6 31. Nxc6 Qxc6 32. Kb1 Nb5 33. Qe3 Kb8 34. Rc1 Rf8 35. Nxc4 Ref7 36. Ne5 Qb6 37. Nxf7 Rxf7 38. Qe5+ Kb7 39. Rh8 Rxf2 40. Rb8+ Ka6 41. Rxb6+ axb6 42. Qb8 Na7 43. Rc7 Kb5 44. Qxa7 Bc6 45. Rxc6 Kxc6 46. Qa8+ Kb5 47. Qe8+ Kc4 48. Qc6+ Kxd4 49. Qc3# 1-0


[Site "https://www.chess.com"]

[Event "Titled Tuesday Blitz August 15 Early 2023"]
[White "Topalov, Aleksandar"]
[Black "Reprintsev, Alexander"]
[WhiteFideId "925659"]
[BlackFideId "14100541"]
[WhiteElo "2367"]
[BlackElo "2485"]
[Result "0-1"]
[Round "8"]
[TimeControl "180+1"]
[Date "2023.08.15"]
[WhiteClock "0:00:00"]
[BlackClock "0:00:04"]
[Board "114"]

1. b3 e5 2. Bb2 Nc6 3. c4 Bc5 4. e3 Qe7 5. a3 a5 6. Nc3 Nf6 7. Qc2 O-O 8. Nd5 Qd6 9. Nxf6+ Qxf6 10. Nf3 Re8 11. Bd3 h6 12. Be4 d6 13. h3 Ne7 14. O-O-O Bf5 15. g4 Bxe4 16. Qxe4 Qg6 17. Qxg6 fxg6 18. d4 exd4 19. Nxd4 Nc6 20. Nb5 Re7 21. Rd2 Rf8 22. Kd1 g5 23. h4 gxh4 24. Rxh4 Ref7 25. Ke1 Bb6 26. Rh5 Ne7 27. g5 Rf5 28. c5 Bxc5 29. Nxc7 Rxg5 30. Rxg5 hxg5 31. Ne6 Rc8 32. Nxg5 Nc6 33. Ke2 Re8 34. a4 b6 35. Kf3 Nb4 36. Ne4 d5 37. Nxc5 bxc5 38. Ba3 Rd8 39. Bxb4 axb4 40. Kf4 Kf8 41. Ke5 Re8+ 42. Kd6 c4 43. Kc5 c3 44. Rc2 Rb8 45. Kxd5 Ke7 46. Kc4 Kd6 47. f3 Ke5 48. Rc1 g5 49. Rg1 Kf5 50. Rd1 g4 51. Rd5+ Ke6 52. Rc5 gxf3 53. Kd3 Rd8+ 54. Ke4 f2 55. Re5+ Kd6 56. Rf5 c2 57. Rf6+ Ke7 58. Rxf2 c1=Q 0-1


[Site "https://www.chess.com"]

[Event "Titled Tuesday Blitz August 15 Early 2023"]
[White "Vasques, Antonio Pedro Freixial"]
[Black "Baches Garcia, Guillermo"]
[WhiteFideId "1908332"]
[BlackFideId "2209764"]
[WhiteElo "2362"]
[BlackElo "2480"]
[Result "1-0"]
[Round "8"]
[TimeControl "180+1"]
[Date "2023.08.15"]
[WhiteClock "0:00:31"]
[BlackClock "0:00:00"]
[Board "115"]

1. e4 c5 2. Nc3 d6 3. Nf3 Nc6 4. d4 cxd4 5. Nxd4 Nf6 6. Bg5 e6 7. Qd2 h6 8. Bxf6 gxf6 9. O-O-O a6 10. Kb1 Bd7 11. Nb3 h5 12. f4 Qb6 13. Be2 h4 14. Rhf1 O-O-O 15. f5 Be7 16. Bg4 Ne5 17. Bh3 Kb8 18. Qd4 Qc7 19. Ne2 Rc8 20. Rc1 Qc4 21. Qxc4 Nxc4 22. fxe6 fxe6 23. Ned4 f5 24. exf5 exf5 25. Bxf5 Bxf5 26. Nxf5 Bg5 27. Rcd1 Rhe8 28. Rfe1 Rf8 29. Nbd4 Rf6 30. c3 Rcf8 31. b3 Ne5 32. Rf1 Ng4 33. h3 Ne3 34. Nxe3 Bxe3 35. Rxf6 Rxf6 36. Nf3 Bf2 37. Rd2 Bg3 38. Rd4 Re6 39. Kc2 Re2+ 40. Rd2 Re3 41. Kd1 Rxc3 42. Ke2 Rc1 43. Ng5 Rg1 44. Kf3 Rf1+ 45. Kg4 Rf4+ 46. Kh5 Rf2 47. Rxf2 Bxf2 48. Ne4 Bg3 49. Nxg3 hxg3 50. Kg4 d5 51. h4 d4 52. h5 d3 53. Kf3 d2 54. Ke2 d1=Q+ 55. Kxd1 1-0


[Site "https://www.chess.com"]

[Event "Titled Tuesday Blitz August 15 Early 2023"]
[White "Devaev, Alexander"]
[Black "Amanov, Zhanibek"]
[WhiteFideId "4169395"]
[BlackFideId "13700189"]
[WhiteElo "2460"]
[BlackElo "2362"]
[Result "1-0"]
[Round "8"]
[TimeControl "180+1"]
[Date "2023.08.15"]
[WhiteClock "0:00:06"]
[BlackClock "0:00:00"]
[Board "116"]

1. d4 d5 2. Nf3 Nf6 3. c4 c6 4. Nc3 dxc4 5. a4 Bf5 6. e3 e6 7. Bxc4 Bb4 8. O-O O-O 9. Qb3 Qa5 10. Na2 Bd6 11. Qxb7 Nbd7 12. Bd2 Qxa4 13. b3 Qa3 14. Nb4 Bxb4 15. Bxb4 Qb2 16. Bxf8 Rxf8 17. Qxa7 Qc2 18. Qb7 Qe4 19. Ra8 Qg4 20. Rxf8+ Kxf8 21. Ne5 Nxe5 22. Qb8+ Ne8 23. Qxe5 f6 24. Qf4 Qg6 25. f3 Bd3 26. Re1 Bxc4 27. bxc4 Qc2 28. c5 Qd2 29. Qg3 f5 30. Qf2 Qc3 31. Rd1 Nf6 32. Qd2 Qc4 33. Rc1 Qa4 34. h3 Nd5 35. e4 Nf6 36. d5 cxd5 37. c6 Qa7+ 38. Qf2 Qc7 39. exd5 Nxd5 40. Qc5+ Kf7 41. Rb1 Qf4 42. c7 Qg3 43. c8=Q 1-0


[Site "https://www.chess.com"]

[Event "Titled Tuesday Blitz August 15 Early 2023"]
[White "brm72"]
[Black "arturdailima"]
[WhiteElo "2458"]
[BlackElo "2358"]
[Result "1-0"]
[Round "8"]
[TimeControl "180+1"]
[Date "2023.08.15"]
[WhiteClock "0:00:28"]
[BlackClock "0:00:05"]
[Board "117"]

1. e4 c5 2. Nf3 d6 3. d4 cxd4 4. Nxd4 Nf6 5. Nc3 a6 6. f3 e5 7. Nb3 Be6 8. Be3 h5 9. Qd2 Nbd7 10. O-O-O Be7 11. Kb1 Rc8 12. h3 h4 13. Bd3 b5 14. f4 exf4 15. Bxf4 Ne5 16. Rhe1 O-O 17. Nd5 Nxd5 18. exd5 Bxd5 19. Bxe5 dxe5 20. Rxe5 Bxb3 21. axb3 Rc5 22. Qe3 Rxe5 23. Qxe5 Bf6 24. Qe4 g6 25. Rf1 Kg7 26. c3 Qe7 27. Qf3 Rd8 28. Bc2 Rd2 29. b4 Qd6 30. Qb7 Qe5 31. Qf3 a5 32. bxa5 b4 33. a6 bxc3 34. a7 Rxc2 35. Kxc2 cxb2 36. Qxf6+ Qxf6 37. Rxf6 Kxf6 1-0


[Site "https://www.chess.com"]

[Event "Titled Tuesday Blitz August 15 Early 2023"]
[White "Pershina, Elena"]
[Black "Ljukin, Sergei"]
[WhiteFideId "24147516"]
[BlackFideId "14102200"]
[WhiteElo "2352"]
[BlackElo "2454"]
[Result "1-0"]
[Round "8"]
[TimeControl "180+1"]
[Date "2023.08.15"]
[WhiteClock "0:00:32"]
[BlackClock "0:00:00"]
[Board "118"]

1. c4 c6 2. g3 d5 3. Bg2 Nf6 4. Nf3 Bf5 5. b3 e6 6. O-O Bd6 7. Bb2 Nbd7 8. d4 O-O 9. Nbd2 b5 10. Nh4 Bg4 11. Re1 e5 12. cxd5 cxd5 13. dxe5 Nxe5 14. h3 Be6 15. Nhf3 Nc6 16. Nd4 Nxd4 17. Bxd4 a5 18. Nf3 Ne4 19. e3 Bb4 20. Re2 Nc3 21. Bxc3 Bxc3 22. Rc1 b4 23. Nd4 a4 24. Nb5 Be5 25. Rec2 axb3 26. axb3 Qd7 27. Nc7 Rad8 28. Kh2 d4 29. exd4 Bxd4 30. Rd2 Bf5 31. Nd5 Bc3 32. Nf6+ Bxf6 33. Rxd7 Rxd7 34. Qf3 Be6 35. Qc6 Bc3 36. Be4 Rfd8 37. Rb1 g6 38. h4 Rd2 39. Kg2 Bd4 40. Rf1 Rc8 41. Qb7 Rc3 42. Qxb4 Bf6 43. Qb8+ Kg7 44. h5 Rxb3 45. Qf4 Rdb2 46. h6+ Kg8 47. Qxf6 1-0


[Site "https://www.chess.com"]

[Event "Titled Tuesday Blitz August 15 Early 2023"]
[White "Lopez Gracia, Fernando"]
[Black "Rosenberg, Evan S"]
[WhiteFideId "2207184"]
[BlackFideId "2019299"]
[WhiteElo "2350"]
[BlackElo "2450"]
[Result "1-0"]
[Round "8"]
[TimeControl "180+1"]
[Date "2023.08.15"]
[WhiteClock "0:00:23"]
[BlackClock "0:00:03"]
[Board "119"]

1. b3 e5 2. Bb2 Nc6 3. e3 d5 4. Bb5 Ne7 5. Nf3 f6 6. d4 e4 7. Nfd2 Bd7 8. Be2 Ng6 9. h4 Bd6 10. c4 f5 11. h5 Nf8 12. cxd5 Nb4 13. Nc3 Qg5 14. a3 Qxg2 15. Rf1 Na6 16. Qc2 g5 17. O-O-O g4 18. Nc4 Ke7 19. b4 h6 20. Ne5 Be8 21. Bxa6 bxa6 22. Rg1 Qh2 23. Rh1 Bxe5 24. Rxh2 Bxh2 25. Ne2 Bd6 26. Nf4 Rg8 27. Bc3 Rb8 28. Qe2 Bb5 29. Qd2 Bxf4 30. exf4 Nd7 31. d6+ Kxd6 32. d5 Bd3 33. Qe3 Nb6 34. Qc5+ Kd7 35. Be5 Rgc8 36. Qc6+ Ke7 37. Bf6+ Kf8 38. Bh8 Nc4 39. Qf6+ Ke8 40. Bg7 Nd6 41. Qe6+ Kd8 42. Bf6# 1-0


[Site "https://www.chess.com"]

[Event "Titled Tuesday Blitz August 15 Early 2023"]
[White "Mrudul Dehankar"]
[Black "Polaczek, Richard"]
[WhiteFideId "25096990"]
[BlackFideId "200026"]
[WhiteElo "2442"]
[BlackElo "2346"]
[Result "0-1"]
[Round "8"]
[TimeControl "180+1"]
[Date "2023.08.15"]
[WhiteClock "0:00:00"]
[BlackClock "0:00:10"]
[Board "120"]

1. e4 Nf6 2. e5 Nd5 3. d4 d6 4. c4 Nb6 5. exd6 cxd6 6. Nf3 g6 7. h3 Bg7 8. Be2 O-O 9. O-O Nc6 10. Nc3 Bf5 11. Be3 d5 12. c5 Nc4 13. Bxc4 dxc4 14. Qa4 e5 15. d5 Nd4 16. Nd2 Bd3 17. Rfc1 b5 18. Nxb5 Ne2+ 19. Kh1 Nxc1 20. Rxc1 Qxd5 21. Nc7 Qb7 22. Nxa8 Rxa8 23. Nxc4 e4 24. c6 Qc7 25. Bb6 Qf4 26. Be3 Qc7 27. Nb6 Rd8 28. Nd7 Bxb2 29. Rd1 a6 30. Bb6 Qc8 31. Bxd8 Qxd8 32. Qb4 Bg7 33. Qd6 e3 34. c7 Qc8 35. fxe3 Be4 36. Nb6 Qxh3+ 37. Qh2 Bxg2+ 38. Kg1 Qxe3+ 39. Kxg2 Qe2+ 40. Kh3 Qe6+ 41. Kg3 Be5+ 42. Kf2 Qxa2+ 0-1


[Site "https://www.chess.com"]

[Event "Titled Tuesday Blitz August 15 Early 2023"]
[White "Pumpkin_in_moonlight"]
[Black "dr_tatiana"]
[WhiteElo "2344"]
[BlackElo "2437"]
[Result "0-1"]
[Round "8"]
[TimeControl "180+1"]
[Date "2023.08.15"]
[WhiteClock "0:00:17"]
[BlackClock "0:00:17"]
[Board "121"]

1. e4 e5 2. Nf3 Nc6 3. Bc4 Bc5 4. c3 Nf6 5. d3 d6 6. O-O a6 7. Nbd2 Ba7 8. Bb3 h6 9. Nc4 Bg4 10. Ne3 Bh5 11. Nf5 O-O 12. Ng3 Bg6 13. Nh4 Bh7 14. Nhf5 Ne7 15. Qf3 Nxf5 16. Nxf5 Bxf5 17. Qxf5 Qd7 18. Qf3 Kh7 19. Be3 c5 20. h3 Ng8 21. Rad1 f5 22. exf5 Rxf5 23. Qe2 Kh8 24. Bd5 Ne7 25. Be4 Rf6 26. d4 exd4 27. cxd4 Re6 28. Qf3 d5 29. Bb1 c4 30. Rfe1 Rf6 31. Qg3 Raf8 32. Re2 Bb8 33. Qg4 Qd6 34. h4 Qh2+ 35. Kf1 Qh1# 0-1


[Site "https://www.chess.com"]

[Event "Titled Tuesday Blitz August 15 Early 2023"]
[White "Bueno, Alfeu Junior Varela"]
[Black "Nithyalakshmi, Sivanesan"]
[WhiteFideId "2108879"]
[BlackFideId "5706955"]
[WhiteElo "2436"]
[BlackElo "2344"]
[Result "1-0"]
[Round "8"]
[TimeControl "180+1"]
[Date "2023.08.15"]
[WhiteClock "0:00:03"]
[BlackClock "0:00:00"]
[Board "122"]

1. e4 e6 2. d4 d5 3. Nd2 Nc6 4. Ngf3 Nf6 5. e5 Nd7 6. Bb5 a6 7. Bxc6 bxc6 8. Nb3 a5 9. O-O a4 10. Nbd2 c5 11. Re1 cxd4 12. Nxd4 Bb7 13. f4 c5 14. Nb5 Qb6 15. c4 dxc4 16. Nc3 Qc6 17. Qe2 Nb6 18. a3 Be7 19. Nde4 Rd8 20. Qg4 O-O 21. Be3 Nd5 22. Bf2 Rfe8 23. h4 f5 24. exf6 Bxf6 25. Nxf6+ Nxf6 26. Qg5 Rd2 27. f5 e5 28. Re3 Re7 29. Rg3 Red7 30. Re1 h6 31. Qg6 R2d6 32. Qxh6 e4 33. Qg5 Kf8 34. Be3 Qc8 35. Bf4 Rc6 36. Be5 Qe8 37. h5 Qf7 38. h6 gxh6 39. Qxh6+ Ke7 40. Rg7 1-0


[Site "https://www.chess.com"]

[Event "Titled Tuesday Blitz August 15 Early 2023"]
[White "Jahnz, Fabian"]
[Black "WindWhistler11"]
[WhiteFideId "4653300"]
[WhiteElo "2343"]
[BlackElo "2436"]
[Result "1-0"]
[Round "8"]
[TimeControl "180+1"]
[Date "2023.08.15"]
[WhiteClock "0:00:17"]
[BlackClock "0:00:10"]
[Board "123"]

1. e4 e6 2. d4 d5 3. exd5 exd5 4. Nc3 Ne7 5. Bd3 Nbc6 6. Nge2 Be6 7. O-O Qd7 8. a3 g6 9. Bf4 Bg7 10. Bb5 a6 11. Ba4 b5 12. Bb3 Na5 13. Ba2 O-O 14. Re1 Nc4 15. Bxc4 dxc4 16. Be5 f6 17. Bg3 g5 18. Ne4 Bd5 19. Nc5 Qc6 20. f3 Nf5 21. Nc3 Rad8 22. Nxd5 Rxd5 23. Re6 Nd6 24. c3 f5 25. Qe2 Rxd4 26. cxd4 Bxd4+ 27. Bf2 Qxc5 28. Bxd4 Qxd4+ 29. Qf2 Qxf2+ 30. Kxf2 Rf7 31. Rae1 Kg7 32. Re7 Kf6 33. Rxf7+ Kxf7 34. Re5 Kf6 35. Rc5 Ke6 36. Rxc7 h5 37. Rc6 a5 38. Ra6 a4 39. Ke3 Kd5 40. Ra8 f4+ 41. Kd2 Nf5 42. Rg8 c3+ 43. Kxc3 Ne3 44. Rxg5+ Kc6 45. Rxh5 Nxg2 46. Kb4 Ne3 47. Rh6+ Kd5 48. Kxb5 Nc4 49. Rh5+ Kd4 50. Rh4 Nxb2 51. Rxf4+ Ke3 52. Rxa4 1-0


[Site "https://www.chess.com"]

[Event "Titled Tuesday Blitz August 15 Early 2023"]
[White "Toktomushev, Teimur"]
[Black "Ziatdinov, Raset"]
[WhiteFideId "14176726"]
[BlackFideId "2015323"]
[WhiteElo "2433"]
[BlackElo "2343"]
[Result "1-0"]
[Round "8"]
[TimeControl "180+1"]
[Date "2023.08.15"]
[WhiteClock "0:00:04"]
[BlackClock "0:00:05"]
[Board "124"]

1. d4 Nf6 2. c4 c5 3. d5 b5 4. cxb5 a6 5. bxa6 Bxa6 6. Nc3 d6 7. e4 Bxf1 8. Kxf1 g6 9. g3 Bg7 10. Kg2 O-O 11. Nf3 Nbd7 12. a4 Qb6 13. Qc2 Rfb8 14. Ra3 Ng4 15. h3 Nge5 16. Nd2 Qa6 17. Nb5 Nb6 18. Nc7 Qb7 19. Nxa8 Rxa8 20. a5 Nc8 21. Nc4 Qb5 22. b3 h5 23. h4 Qd7 24. Bb2 Nxc4 25. bxc4 Bh6 26. a6 Nb6 27. Rha1 e6 28. Qc3 e5 29. a7 f5 30. Ra6 Nc8 31. Qb3 fxe4 32. Qb8 Qg4 33. Qxa8 Qf3+ 34. Kg1 e3 35. Qxc8+ Kh7 36. Qd7+ Bg7 37. Rf1 exf2+ 38. Rxf2 Qxg3+ 39. Kf1 Qd3+ 40. Re2 Qf3+ 41. Ke1 Qg3+ 42. Kd1 Qb3+ 43. Kc1 Qxc4+ 44. Rc2 Qf1+ 45. Kd2 Qf2+ 46. Kc3 Qe3+ 47. Kc4 Qe4+ 48. Kb5 Qd3+ 49. Kc6 Qxc2 50. a8=Q Qxb2 51. Ra7 1-0


[Site "https://www.chess.com"]

[Event "Titled Tuesday Blitz August 15 Early 2023"]
[White "Karavade, Eesha"]
[Black "Martinez, Shawn"]
[WhiteFideId "5012600"]
[BlackFideId "2039770"]
[WhiteElo "2433"]
[BlackElo "2342"]
[Result "1-0"]
[Round "8"]
[TimeControl "180+1"]
[Date "2023.08.15"]
[WhiteClock "0:00:35"]
[BlackClock "0:00:00"]
[Board "125"]

1. d4 g6 2. c4 Bg7 3. Nc3 a6 4. e4 b6 5. Nf3 Bb7 6. Bd3 h6 7. O-O e6 8. d5 Ne7 9. Be3 d6 10. Qd2 Nd7 11. h3 exd5 12. exd5 g5 13. Nd4 O-O 14. f4 c5 15. dxc6 Nxc6 16. Nxc6 Bxc6 17. fxg5 hxg5 18. Bxg5 f6 19. Bh6 Ne5 20. Bxg7 Kxg7 21. Be4 Qc7 22. Nd5 Bxd5 23. Bxd5 Qc5+ 24. Kh1 Ra7 25. Qf4 b5 26. Qg3+ Kh8 27. b3 bxc4 28. bxc4 Rh7 29. Rf5 Qd4 30. Raf1 Rh6 31. R1f4 Qd1+ 32. Kh2 Rg6 33. Rh4+ Kg7 34. Qf2 Ng4+ 35. hxg4 Re8 36. Rfh5 Re1 37. Rh7+ Kf8 38. Rh8+ Ke7 39. R4h7+ 1-0


[Site "https://www.chess.com"]

[Event "Titled Tuesday Blitz August 15 Early 2023"]
[White "Herman, Daniel"]
[Black "Skaric, Djuro"]
[WhiteFideId "30935008"]
[BlackFideId "934569"]
[WhiteElo "2432"]
[BlackElo "2337"]
[Result "1-0"]
[Round "8"]
[TimeControl "180+1"]
[Date "2023.08.15"]
[WhiteClock "0:01:53"]
[BlackClock "0:02:31"]
[Board "126"]

1. c4 d6 2. Nf3 g6 3. d4 Bg7 4. g3 Nf6 5. Bg2 O-O 6. O-O Nc6 7. Nc3 h6 8. h3 e5 9. d5 Ne7 10. e4 Ne8 11. Ne1 f5 12. exf5 gxf5 13. f4 e4 14. Be3 Kh7 15. Nc2 Rg8 16. Nd4 Nf6 17. Kh2 Nh5 18. Qxh5 Ng6 19. Nxf5 Qf6 20. Bxe4 Re8 21. Bd4 1-0


[Site "https://www.chess.com"]

[Event "Titled Tuesday Blitz August 15 Early 2023"]
[White "Begunov, Konstantin"]
[Black "Kiselev, Pavel"]
[WhiteFideId "4118510"]
[BlackFideId "4191102"]
[WhiteElo "2426"]
[BlackElo "2329"]
[Result "1/2-1/2"]
[Round "8"]
[TimeControl "180+1"]
[Date "2023.08.15"]
[WhiteClock "0:00:04"]
[BlackClock "0:00:09"]
[Board "127"]

1. d4 f5 2. g3 Nf6 3. Bg2 g6 4. Nd2 Bg7 5. e4 fxe4 6. Nxe4 Nxe4 7. Bxe4 d5 8. Bg2 O-O 9. f4 c6 10. Nf3 Nd7 11. O-O Nf6 12. c3 Ne4 13. Nd2 Nd6 14. Re1 Bf5 15. Qe2 Re8 16. b3 Qd7 17. Ba3 Nb5 18. Bb2 Nd6 19. a4 Rac8 20. Ba3 Bg4 21. Qf1 Bf5 22. Rac1 Rcd8 23. h3 Ne4 24. Nxe4 dxe4 25. Kh2 Be6 26. Rb1 b6 27. Bxe4 c5 28. d5 Bf7 29. c4 e6 30. Rbd1 Qc8 31. dxe6 Bxe6 32. Qg2 Rxd1 33. Rxd1 Bxh3 34. Bd5+ Be6 35. Re1 Kf8 36. Bb2 Bxd5 37. Bxg7+ Kxg7 38. Rxe8 Qxe8 39. Qxd5 Qe2+ 40. Kh3 Qf1+ 41. Kg4 Qd1+ 42. Kh3 Qxb3 43. Qd7+ Kf6 44. Qd6+ Kg7 45. Qe7+ Kh6 46. Qh4+ Kg7 47. Qe7+ Kg8 48. Qe8+ Kg7 49. Qe7+ 1/2-1/2


[Site "https://www.chess.com"]

[Event "Titled Tuesday Blitz August 15 Early 2023"]
[White "Yuruultei Batbaatar"]
[Black "Kielinkei"]
[WhiteFideId "4905962"]
[WhiteElo "2326"]
[BlackElo "2424"]
[Result "1-0"]
[Round "8"]
[TimeControl "180+1"]
[Date "2023.08.15"]
[WhiteClock "0:00:03"]
[BlackClock "0:00:00"]
[Board "128"]

1. d4 Nf6 2. c4 e6 3. Nf3 c5 4. d5 b5 5. e4 Nxe4 6. Bd3 Nf6 7. O-O Be7 8. Bf4 d6 9. dxe6 Bxe6 10. cxb5 O-O 11. Qc2 h6 12. Nc3 d5 13. Rad1 Nbd7 14. Bf5 Qb6 15. Bxe6 fxe6 16. Qg6 Kh8 17. Nh4 Nh7 18. Rfe1 Bxh4 19. Rxe6 Qd8 20. Nxd5 Ndf6 21. Bc7 Bxf2+ 22. Kh1 Qc8 23. Re7 Rg8 24. Nxf6 Nxf6 25. h3 Bd4 26. Bf4 Qd8 27. Rde1 Nd5 28. Bxh6 Nxe7 29. Qh5 g6 30. Qh4 Nf5 31. Qe4 1-0


[Site "https://www.chess.com"]

[Event "Titled Tuesday Blitz August 15 Early 2023"]
[White "Preobrazhenska_D2011"]
[Black "KorolDimitriy75"]
[WhiteElo "2313"]
[BlackElo "2420"]
[Result "0-1"]
[Round "8"]
[TimeControl "180+1"]
[Date "2023.08.15"]
[WhiteClock "0:00:02"]
[BlackClock "0:00:01"]
[Board "129"]

1. e4 c5 2. Nf3 d6 3. d4 cxd4 4. Nxd4 Nf6 5. Nc3 g6 6. Be2 Bg7 7. O-O O-O 8. Be3 Nc6 9. Nb3 a6 10. a4 Be6 11. f4 Na5 12. Nxa5 Qxa5 13. Bd4 Rac8 14. Kh1 Rfe8 15. e5 dxe5 16. Bxe5 Red8 17. Qe1 Bf5 18. Bf3 Rd7 19. Qe2 Rcd8 20. Rfd1 h5 21. h3 h4 22. Rxd7 Rxd7 23. Qe1 Bxc2 24. Qxh4 Qb4 25. Qf2 Bb3 26. h4 e6 27. Qe2 Rd8 28. g4 Nd5 29. Bxg7 Kxg7 30. Qe5+ Kg8 31. Ne4 Qe7 32. g5 Bc2 33. Rc1 Bxe4 34. Bxe4 Qb4 35. Bxd5 exd5 36. Re1 d4 37. Qc7 Rf8 38. Rd1 Qxb2 39. Qe5 Qf2 40. Qxd4 Qxh4+ 41. Kg2 Qg4+ 42. Kf2 Qh4+ 43. Kg2 Re8 44. Qc4 Qg4+ 45. Kf2 Qxd1 46. Qb4 Qd7 47. Qb3 Qe6 48. Qc3 Qe2+ 49. Kg1 Qd1+ 50. Kg2 Re2+ 51. Kh3 Qf1+ 52. Kg4 Qg2+ 53. Kh4 Qf2+ 54. Kg4 Qe3 55. Qc8+ Qe8 56. Qc3 Qe6+ 57. Kg3 Re1 58. Qc2 Qe3+ 59. Kg4 Rg1+ 60. Kh4 Qg3# 0-1


[Site "https://www.chess.com"]

[Event "Titled Tuesday Blitz August 15 Early 2023"]
[White "Todorovic, Bojan"]
[Black "Huynh, Lam Binh Nguyen"]
[WhiteFideId "917087"]
[BlackFideId "12401633"]
[WhiteElo "2416"]
[BlackElo "2310"]
[Result "1/2-1/2"]
[Round "8"]
[TimeControl "180+1"]
[Date "2023.08.15"]
[WhiteClock "0:00:17"]
[BlackClock "0:00:07"]
[Board "130"]

1. d4 e6 2. c4 f5 3. g3 Nf6 4. Bg2 c6 5. Nf3 d5 6. O-O Be7 7. Nbd2 O-O 8. Ne5 Nbd7 9. Nd3 Qe8 10. b3 a5 11. a4 Qh5 12. e3 Qh6 13. Ba3 Bxa3 14. Rxa3 Ne4 15. Qc2 Ndf6 16. Nf3 Bd7 17. Nfe5 Be8 18. Raa1 g5 19. f3 Nd6 20. c5 Nf7 21. Rab1 Nd8 22. b4 axb4 23. Rxb4 Bg6 24. f4 Ng4 25. Nxg4 fxg4 26. Qd2 Rc8 27. Ne5 Rc7 28. a5 Bf5 29. a6 bxa6 30. Rb8 Qg7 31. Qa5 gxf4 32. Rxf4 h5 33. Qxa6 Ra7 34. Qb6 Ra1+ 35. Bf1 Rb1 36. Rxd8 Rxb6 37. Rxf8+ Qxf8 38. cxb6 Qa3 39. Rf2 Qb3 40. Nd7 Kf7 41. Ba6 Ke7 42. Bc8 Qd1+ 43. Rf1 Qe2 44. b7 Qxe3+ 45. Rf2 Qe1+ 46. Rf1 Qe3+ 47. Rf2 Qc1+ 48. Rf1 Qe3+ 1/2-1/2


[Site "https://www.chess.com"]

[Event "Titled Tuesday Blitz August 15 Early 2023"]
[White "Ouellet, Maili-Jade"]
[Black "Frayna, Janelle Mae"]
[WhiteFideId "2620472"]
[BlackFideId "5212499"]
[WhiteElo "2301"]
[BlackElo "2410"]
[Result "1-0"]
[Round "8"]
[TimeControl "180+1"]
[Date "2023.08.15"]
[WhiteClock "0:00:12"]
[BlackClock "0:00:11"]
[Board "131"]

1. e4 Nf6 2. e5 Nd5 3. d4 d6 4. Nf3 g6 5. Be2 Bg7 6. O-O O-O 7. Nbd2 Nc6 8. Re1 dxe5 9. dxe5 Nxe5 10. Nxe5 Bxe5 11. Nc4 Bg7 12. Bf3 c6 13. c3 Be6 14. Qe2 Nb6 15. Ne5 Bd5 16. Bf4 Bxf3 17. Qxf3 Qd5 18. Qg3 Rad8 19. h4 f6 20. Ng4 e5 21. Nh6+ Kh8 22. Be3 f5 23. Bg5 Rd7 24. Kh2 f4 25. Qh3 e4 26. Rad1 Qxd1 27. Rxd1 Rxd1 28. Qe6 Rd7 29. Qxe4 Nd5 30. c4 Nf6 31. Qe6 Rc7 32. Bxf4 Rcc8 33. Nf7+ Rxf7 34. Qxf7 Rf8 35. Qxb7 Ng4+ 36. Kg3 Nf6 37. Kh3 Ne4 38. Be3 h5 39. Qxc6 Nf6 40. f3 Kh7 41. Bxa7 Rd8 42. b4 Rd1 43. Kg3 Rd3 44. b5 Ne8 45. Bb8 Rd8 46. Bf4 Bf6 47. b6 1-0


[Site "https://www.chess.com"]

[Event "Titled Tuesday Blitz August 15 Early 2023"]
[White "slimshady"]
[Black "jimmy-schlumpf"]
[WhiteElo "2290"]
[BlackElo "2406"]
[Result "0-1"]
[Round "8"]
[TimeControl "180+1"]
[Date "2023.08.15"]
[WhiteClock "0:00:59"]
[BlackClock "0:00:13"]
[Board "132"]

1. e4 Nf6 2. e5 Nd5 3. d4 d6 4. exd6 cxd6 5. c4 Nb6 6. Nc3 g6 7. Nf3 Bg7 8. Bd3 O-O 9. O-O Nc6 10. Be3 Bg4 11. d5 Ne5 12. Qe2 Rc8 13. Bxb6 Qxb6 14. Rfc1 Rc7 15. Nb5 Bxf3 16. gxf3 Nxd3 17. Qxd3 Rd7 18. Rab1 Rc8 19. b4 a6 20. Nc3 Rdc7 21. Ne4 Qd4 22. Qxd4 Bxd4 23. c5 dxc5 24. bxc5 Bxc5 25. Nxc5 Rxc5 26. Rxc5 Rxc5 27. Rxb7 Rxd5 28. Rxe7 Rd2 29. a4 Rd4 30. Re4 Rxe4 31. fxe4 Kf8 32. f4 Ke7 33. Kf2 Kd6 34. Ke3 Kc5 35. h4 a5 36. e5 Kb4 37. h5 Kxa4 38. f5 gxf5 39. Kf4 Kb4 40. Kxf5 a4 41. Kf6 a3 42. Kxf7 a2 43. e6 a1=Q 44. e7 Qf1+ 45. Kg8 Qe2 46. Kf8 Qxh5 47. e8=Q Qxe8+ 48. Kxe8 h5 49. Kf7 h4 0-1


[Site "https://www.chess.com"]